 Dungeon Crawl Stone Soup version 0.26.1-11-gd32895ea62 (webtiles) character file.

Game seed: 9175213320819171235

39 Zeld the Sneak (level 3, -3/24 HPs)
             Began as an Octopode Brigand on May 14, 2021.
             Slain by a gnoll
             ... wielding a +0 halberd
              (11 damage)
             ... on level 2 of the Dungeon.
             The game lasted 00:01:33 (1372 turns).

Zeld the Sneak (Octopode Brigand)                   Turns: 1372, Time: 00:01:33

Health: -3/24      AC:  1    Str: 11    XL:     3   Next: 47%
Magic:  4/4        EV: 13    Int: 13    God:
Gold:   89         SH:  0    Dex: 13    Spells: 4/4 levels left

rFire    . . .     SeeInvis .   a - +2 dagger
rCold    . . .     Faith    .   (no shield)
rNeg     . . .     Spirit   .   (helmet restricted)
rPois    .         Reflect  .   (no amulet)
rElec    .         Harm     .   (no ring)
rCorr    .         Rampage  .   (no ring)
Will     .....                  (no ring)
Stlth    ++++......             (no ring)
HPRegen  0.08/turn              (no ring)
MPRegen  0.09/turn              (no ring)
                                (no ring)
                                (no ring)

@: no status effects
A: almost no armour, stealthy swim, amphibious, 8 rings, constrict 8, camouflage
1, gelatinous body 1
a: no special abilities


You were on level 2 of the Dungeon.
You visited 1 branch of the dungeon, and saw 2 of its levels.

You collected 89 gold pieces.

Inventory:

Hand Weapons
 a - a +2 dagger (weapon)
Missiles
 b - 8 poisoned darts (quivered)
 c - 2 curare-tipped darts
Jewellery
 i - an uncursed ring of fire {unknown}
Scrolls
 e - a scroll of identify {unknown}
 f - 4 scrolls of remove curse {unknown}
 g - a scroll of fear {unknown}
 h - a scroll of magic mapping {unknown}
 j - 2 scrolls of amnesia {unknown}
 k - a scroll of teleportation {unknown}
Potions
 d - a potion of curing {unknown}


   Skills:
 - Level 2.0 Fighting
 * Level 3.3 Short Blades
 - Level 2.0 Throwing
 - Level 1.0 Dodging
 - Level 5.3 Stealth
 + Level 1.3 Spellcasting


You had 4 spell levels left.
You didn't know any spells.
Your spell library was empty.

Dungeon Overview and Level Annotations

Branches:
Dungeon (2/15)

Altars:


Innate Abilities, Weirdness & Mutations

You cannot wear most types of armour.
You are very stealthy in the water. (Stealth+)
You are amphibious.
You can wear up to eight rings at the same time.
You can use your tentacles to constrict eight enemies at once.
Your skin changes colour to match your surroundings (Stealth+).
Your rubbery body absorbs attacks. (AC +1, EV +1)


Message History

There is a stone staircase leading up here.
The gnoll hits you with a +0 halberd!
You hit the gnoll. You grab the gnoll.
The gnoll is moderately wounded.
You constrict the gnoll. The gnoll barely misses you.
You hit the gnoll but do no damage.
The gnoll is moderately wounded.
You constrict the gnoll. You completely miss the gnoll.
You squeeze the gnoll, but do no damage.
The gnoll is moderately wounded.
You constrict the gnoll, but do no damage.
The gnoll hits you with a +0 halberd.
You are too injured to fight recklessly!
You are too injured to fight recklessly!
You release your grip on the gnoll.
The gnoll hits you from afar with a +0 halberd.
There is a stone staircase leading up here.
The gnoll hits you from afar with a +0 halberd!
You die...

##### ### #.#.######.###
#............# #............#
#...######...# #..@# #...# ###
#..## ####...##### ####.# #gg#
#..(.......# #####.##.#
#..####.##.#.###.#
##.(...##.####..##............#
..............>....#.##........
.#..............##.#..........#
.###.(....##.......#.####.#####
.#.###.##.##.......#.##.).#


You could see 2 gnolls.

Vanquished Creatures
  2 oozes
  A leopard gecko (D:2)
  2 giant cockroaches (D:2)
  4 hobgoblins (D:1)
  A quokka (D:2)
  9 bats
  A frilled lizard (D:2)
  2 goblins (D:1)
  2 kobolds (D:1)
  A leopard gecko skeleton (D:2)
  6 rats
31 creatures vanquished.

Vanquished Creatures (others)
  10 plants (D:2)
10 creatures vanquished.

Grand Total: 41 creatures vanquished

Notes
Turn   | Place    | Note
-------+----------+-------------------------------------------
     0 | D:1      | Zeld the Octopode Brigand began the quest for the Orb.
     0 | D:1      | Reached XP level 1. HP: 14/14 MP: 1/1
   202 | D:1      | Reached XP level 2. HP: 13/19 MP: 2/2
   510 | D:1      | Reached skill level 1 in Spellcasting
   753 | D:1      | Reached XP level 3. HP: 24/24 MP: 4/4
  1372 | D:2      | Slain by a gnoll

Illustrated notes

Levels and vault maps discovered:
D:1:      psy_arrival_terrarium, layout_rooms
D:2:      layout_basic, serial_bayou_lake_a

Skill      XL: |  1  2 |
---------------+-------+-----
Spellcasting   | 1 |  1.3
Short Blades   | 3 |  3.3
Fighting       | |  2.0
Throwing       | |  2.0
Dodging        | |  1.0
Stealth        | |  5.3

Action                   || total
-------------------------++-------
Melee: Dagger            ||    70
       Constrict         ||    17
       Tentacles         ||     4
 Stab: Sleeping          ||     6
Armor: Skin              ||    16
Dodge: Dodged            ||    61
